[Event "Titled Tuesday Blitz June 20 Early 2023"]
[White "Amilal Munkhdalai"]
[Black "Mekhane, Adam"]
[WhiteFideId "4903250"]
[BlackFideId "36050601"]
[WhiteElo "2293"]
[BlackElo "2177"]
[Result "0-1"]
[Round "4"]
[TimeControl "180+2"]
[Date "2023.06.20"]
[WhiteClock "0:00:16"]
[BlackClock "0:01:12"]
[Board "71"]

1. e4 c5 2. Nf3 Nc6 3. d4 cxd4 4. Nxd4 Nf6 5. Nc3 h5 6. Nxc6 bxc6 7. Be2 e5 8. Bg5 Be7 9. O-O d6 10. b4 Rb8 11. Rb1 Be6 12. a4 d5 13. exd5 cxd5 14. Bb5+ Kf8 15. f4 a6 16. fxe5 Ng4 17. Bxe7+ Qxe7 18. Nxd5 Bxd5 19. Qxd5 axb5 20. axb5 Ne3 21. Rxf7+ Qxf7 22. Qd6+ Kg8 23. Qxb8+ Kh7 24. Qd6 Qg6 25. Qxg6+ Kxg6 26. Rc1 Nc4 27. e6 Kf6 28. Re1 Ke7 29. Re4 Rc8 30. h4 Nd6 31. Re5 g6 32. Rg5 Kf6 33. e7 Rxc2 34. b6 Rc8 35. Rc5 Rb8 36. Rc6 Kxe7 37. Kf2 Kd7 38. Rc7+ Ke6 39. Rc6 Rb7 40. Kf3 Kd7 41. Rc7+ Rxc7 42. bxc7 Kxc7 43. Kf4 Nf7 44. Ke4 Kd6 45. g3 Ke6 46. Kd4 Nd6 47. Ke3 Ke5 48. Kd3 Kd5 49. Ke3 Ke5 50. Kf3 Nf5 51. Kf2 Nd4 52. Ke3 Nc2+ 53. Kf3 Nxb4 54. g4 Nd5 55. gxh5 gxh5 56. Kg3 Ke4 57. Kh3 Kf4 58. Kh2 Kg4 59. Kg2 Nf4+ 60. Kh2 Kxh4 61. Kg1 Kg4 62. Kh1 h4 63. Kh2 h3 64. Kg1 Kg3 65. Kh1 Nd3 66. Kg1 h2+ 67. Kh1 Nf2# 0-1


[Site "https://www.chess.com"]

[Event "Titled Tuesday Blitz June 20 Early 2023"]
[White "De La Villa Garcia, Jesus Maria"]
[Black "Srihari L R"]
[WhiteFideId "2200040"]
[BlackFideId "46617116"]
[WhiteElo "2526"]
[BlackElo "2334"]
[Result "1/2-1/2"]
[Round "4"]
[TimeControl "180+2"]
[Date "2023.06.20"]
[WhiteClock "0:00:05"]
[BlackClock "0:00:05"]
[Board "72"]

1. c4 e5 2. Nc3 d6 3. Nf3 f5 4. g3 Nf6 5. d4 e4 6. Nh4 Be7 7. Bg2 O-O 8. f3 c6 9. O-O d5 10. cxd5 cxd5 11. Bh3 g6 12. Ng2 Nc6 13. Nf4 g5 14. fxe4 gxf4 15. e5 Ne4 16. Bxf4 Be6 17. e3 Qd7 18. Bh6 Rf7 19. Ne2 Bg5 20. Bxg5 Nxg5 21. Bg2 Ne4 22. Nf4 Rg7 23. Nh5 Rf7 24. Bxe4 dxe4 25. Nf6+ Rxf6 26. exf6 Rf8 27. d5 Bxd5 28. Qh5 Rxf6 29. Qg5+ Rg6 30. Qxf5 Qxf5 31. Rxf5 Be6 32. Rf4 Rg4 33. Rf6 Bf7 34. a3 Rg6 35. Rf4 Re6 36. Rd1 Re7 37. Rd6 Ne5 38. Rd8+ Kg7 39. Kg2 Bg6 40. b4 h5 41. h3 Nc4 42. Kf2 Nxa3 43. g4 hxg4 44. Rxg4 Nc4 45. h4 Ne5 46. Rg5 Kf6 47. Rd6+ Re6 48. Rxe6+ Kxe6 49. h5 Kf6 50. Rxe5 Kxe5 51. hxg6 Kf6 52. Kg3 Kxg6 53. Kf4 Kf6 54. Kxe4 Ke6 55. Kd4 a6 56. Kc4 b6 57. e4 Ke5 58. Kd3 a5 59. bxa5 bxa5 60. Kc4 a4 61. Kb4 a3 62. Kxa3 Kxe4 1/2-1/2


[Site "https://www.chess.com"]

[Event "Titled Tuesday Blitz June 20 Early 2023"]
[White "Kuzmin, Roman"]
[Black "Pulpan, Jakub"]
[WhiteFideId "44134932"]
[BlackFideId "302759"]
[WhiteElo "2122"]
[BlackElo "2484"]
[Result "1/2-1/2"]
[Round "4"]
[TimeControl "180+2"]
[Date "2023.06.20"]
[WhiteClock "0:00:08"]
[BlackClock "0:00:15"]
[Board "73"]

1. e4 a6 2. d4 d6 3. Bd3 g6 4. h4 Bg7 5. Be3 c5 6. c3 cxd4 7. cxd4 Nc6 8. Bc2 Qb6 9. Ne2 Qxb2 10. Nbc3 Nf6 11. Rb1 Qa3 12. Rb3 Qa5 13. d5 Nb4 14. Bb1 Nxa2 15. Bxa2 Nxe4 16. Bd4 Nxc3 17. Nxc3 Be5 18. O-O b5 19. Bxe5 dxe5 20. d6 Be6 21. Qf3 Rc8 22. Rd1 exd6 23. Ne4 O-O 24. Ra3 Qb4 25. Bxe6 fxe6 26. Qe3 d5 27. Ng5 Rc6 28. Rb3 Qxh4 29. Qxe5 Qf4 30. Qxf4 Rxf4 31. Re1 Rf6 32. Rbe3 d4 33. Rxe6 Rfxe6 34. Rxe6 Rc1+ 35. Kh2 b4 36. Rxa6 b3 37. Rb6 d3 38. Nf3 Rb1 39. Kg3 Rb2 40. Rd6 Rc2 41. Rxd3 b2 42. Rb3 h5 43. Rb8+ Kf7 44. Rb7+ Ke8 45. Rb6 Kd7 46. Ne5+ Kc7 47. Rb4 g5 48. Nf7 h4+ 49. Kh3 g4+ 50. Kxg4 Rxf2 51. Ng5 Rxg2+ 52. Kxh4 Kd6 53. Ne4+ Kd5 54. Kh3 Rc2 55. Kg3 Re2 56. Kf3 Rxe4 57. Rxb2 Rh4 58. Rb5+ Kc4 59. Rg5 Rh3+ 60. Rg3 Rh8 61. Rg4+ Kd3 62. Rf4 Rh1 63. Kg4 Ke3 64. Rf7 Rg1+ 65. Kh5 Ke4 66. Kh4 Ke5 67. Kh5 Rg8 68. Rf2 Ke4 69. Kh4 Rg7 70. Rf6 Rh7+ 71. Kg5 Ke5 72. Rf2 Rg7+ 73. Kh6 Rg8 74. Kh7 Rg4 75. Kh6 Ke4 76. Kh5 Rg3 77. Rf8 Ke3 78. Kh4 Rg1 79. Kh5 Ra1 80. Kh4 Ra4+ 81. Kh5 Ke4 82. Kh4 Rb4 83. Kh5 Ke5 84. Rf1 Rb5 85. Kh4 Ke4 86. Rf8 Ke5 87. Kh5 Ke4+ 88. Kh4 Ke5 89. Kh5 Ke4+ 90. Kh4 1/2-1/2


[Site "https://www.chess.com"]

[Event "Titled Tuesday Blitz June 20 Early 2023"]
[White "MaryanKyrychenko"]
[Black "Tristan, Leonardo"]
[BlackFideId "113816"]
[WhiteElo "2523"]
[BlackElo "2461"]
[Result "0-1"]
[Round "4"]
[TimeControl "180+2"]
[Date "2023.06.20"]
[WhiteClock "0:00:01"]
[BlackClock "0:00:03"]
[Board "74"]

1. e4 d5 2. exd5 Qxd5 3. Nc3 Qa5 4. d4 Nf6 5. Nf3 Bf5 6. Bc4 e6 7. O-O Bb4 8. Bd2 Nc6 9. a3 Bxc3 10. Bxc3 Qb6 11. d5 O-O-O 12. dxc6 Rxd1 13. cxb7+ Qxb7 14. Raxd1 Be4 15. Be2 Nd5 16. Bxg7 Rg8 17. Be5 f6 18. Bg3 Bxc2 19. Rc1 Qxb2 20. Nd4 Qxd4 21. Rxc2 Nf4 22. Ba6+ Kd7 23. Rc4 Ne2+ 24. Kh1 Nxg3+ 25. fxg3 Qb6 26. Ra4 Ke7 27. Be2 Rg5 28. Rh4 Rg7 29. Rc1 Kd8 30. Rd1+ Rd7 31. Rf1 Qe3 32. Bb5 Rd5 33. Bc4 Rd4 34. Rxd4+ Qxd4 35. Bxe6 Qd3 36. Re1 Qxa3 37. g4 Qb4 38. Rd1+ Ke7 39. Bf5 Qa4 40. Re1+ Kf8 41. h3 h6 42. Kh2 c5 43. Kg3 c4 44. Kh4 Qb4 45. Re6 Kg7 46. Rc6 c3 47. Kh5 a5 48. Rc7+ Kf8 49. Kxh6 a4 50. Kg6 a3 51. Be6 Ke8 52. Kxf6 Qf4+ 53. Bf5 Qxc7 0-1


[Site "https://www.chess.com"]

[Event "Titled Tuesday Blitz June 20 Early 2023"]
[White "Asavasaetakul, Chawit"]
[Black "Lamard, Guillaume"]
[WhiteFideId "6204856"]
[BlackFideId "600261"]
[WhiteElo "1919"]
[BlackElo "2413"]
[Result "1-0"]
[Round "4"]
[TimeControl "180+2"]
[Date "2023.06.20"]
[WhiteClock "0:00:45"]
[BlackClock "0:00:17"]
[Board "75"]

1. e4 c5 2. c3 Nf6 3. e5 Nd5 4. d4 d6 5. Nf3 cxd4 6. cxd4 Nc6 7. Bc4 e6 8. O-O Be7 9. Qe2 O-O 10. Rd1 Nb6 11. Bb3 Bd7 12. Nc3 Nb4 13. a3 N4d5 14. Ne4 a6 15. exd6 Bb5 16. dxe7 Bxe2 17. exd8=Q Rfxd8 18. Re1 Bxf3 19. gxf3 a5 20. Nc5 a4 21. Ba2 Nd7 22. Nxd7 Rxd7 23. Bxd5 Rxd5 24. Be3 Rb5 25. Re2 Rc8 26. Rc1 Rxc1+ 27. Bxc1 h6 28. Rc2 Kh7 29. Bd2 Kg6 30. Kf1 Kh5 31. Bc3 Kh4 32. Re2 Kh3 33. Re4 Rf5 34. Ke2 g5 35. f4 g4 36. Kf1 Kxh2 37. Re3 Rxf4 38. d5 Rf5 39. dxe6 fxe6 40. Be5+ Kh1 41. Bg3 h5 42. Rxe6 Rc5 43. Rh6 b5 44. Ke2 Kg2 45. Kd3 Rf5 46. Kc3 Rf3+ 47. Kc2 Rf5 48. Rh7 Kh3 49. Kc3 Kg2 50. Kb4 Kh3 51. Ka5 Rd5 52. Rb7 Rd2 53. Rxb5 h4 54. Rh5 Rxb2 55. Rxh4+ Kg2 56. Rxg4 1-0


[Site "https://www.chess.com"]

[Event "Titled Tuesday Blitz June 20 Early 2023"]
[White "Liu, Casper"]
[Black "Lavrik, Dmitry"]
[WhiteFideId "1454153"]
[BlackFideId "24113190"]
[WhiteElo "2221"]
[BlackElo "2345"]
[Result "0-1"]
[Round "4"]
[TimeControl "180+2"]
[Date "2023.06.20"]
[WhiteClock "0:01:35"]
[BlackClock "0:00:19"]
[Board "76"]

1. e4 c5 2. d4 cxd4 3. Qxd4 Nc6 4. Qe3 Nf6 5. Nc3 e6 6. b3 Bb4 7. Bb2 d5 8. O-O-O d4 9. Qg3 O-O 10. Nb5 e5 11. Bd3 Qe7 12. f4 a6 13. fxe5 Nh5 14. Qf3 Qg5+ 15. Kb1 axb5 16. Bxb5 Bg4 17. Qf1 Bxd1 18. Qxd1 Qxe5 19. Bc4 Bc3 20. Nf3 Qa5 21. a4 Bxb2 22. Kxb2 Qc3+ 23. Kb1 Rxa4 24. bxa4 Qxc4 25. Rf1 Nf4 26. Ng5 Ne6 27. h4 Qb4+ 28. Kc1 Nxg5 29. hxg5 Qa3+ 30. Kb1 Nb4 31. Rf3 Qa2+ 32. Kc1 Rc8 33. Rf2 d3 34. Qg4 Qa1+ 35. Kd2 Qc3+ 36. Ke3 dxc2+ 37. Kf4 c1=Q+ 38. Kf5 g6# 0-1


[Site "https://www.chess.com"]

[Event "Titled Tuesday Blitz June 20 Early 2023"]
[White "Fus, Jakub"]
[Black "Bilan, Danila"]
[WhiteFideId "1193023"]
[BlackFideId "24161918"]
[WhiteElo "2335"]
[BlackElo "2146"]
[Result "1-0"]
[Round "4"]
[TimeControl "180+2"]
[Date "2023.06.20"]
[WhiteClock "0:00:06"]
[BlackClock "0:00:00"]
[Board "77"]

1. d4 d5 2. c4 c6 3. cxd5 cxd5 4. Bf4 Nf6 5. e3 Nc6 6. Bb5 Bd7 7. Nc3 e6 8. Nf3 Rc8 9. O-O Na5 10. Bd3 Nc4 11. Qe2 Bb4 12. Rac1 O-O 13. Ne5 Nxe5 14. Bxe5 Bc6 15. a3 Bd6 16. f4 Ne4 17. Bxe4 dxe4 18. Bxd6 Qxd6 19. Rc2 Bd5 20. Rfc1 Bb3 21. Nxe4 Rxc2 22. Qxc2 Qd5 23. Qd3 b6 24. Ng5 f5 25. Nf3 Ba4 26. Ne5 Bb5 27. Qc2 Ba6 28. Qc6 Qb3 29. Qc3 Qd5 30. Qd2 h6 31. h3 Rd8 32. Kh2 Bb7 33. Rc7 Rf8 34. Qc2 Ba8 35. Rd7 Qb5 36. Qc7 1-0


[Site "https://www.chess.com"]

[Event "Titled Tuesday Blitz June 20 Early 2023"]
[White "Petrosian, Karlen"]
[Black "a-z30"]
[WhiteFideId "4176146"]
[WhiteElo "2345"]
[BlackElo "2518"]
[Result "1-0"]
[Round "4"]
[TimeControl "180+2"]
[Date "2023.06.20"]
[WhiteClock "0:00:07"]
[BlackClock "0:00:00"]
[Board "78"]

1. e4 d6 2. d4 Nf6 3. Nc3 g6 4. Nf3 Bg7 5. Be3 O-O 6. Qd2 Bg4 7. Bh6 c5 8. Bxg7 Kxg7 9. dxc5 Bxf3 10. gxf3 dxc5 11. O-O-O Qxd2+ 12. Rxd2 Nc6 13. Nd5 e6 14. Nxf6 Kxf6 15. f4 Rad8 16. c3 e5 17. fxe5+ Kxe5 18. Bg2 Rxd2 19. Kxd2 Kf4 20. Ke2 Rd8 21. h4 Ne5 22. Rh3 h6 23. b3 b5 24. Rg3 b4 25. Rh3 a5 26. Rg3 Rd6 27. Bf1 Kxe4 28. Bg2+ Kf4 29. Re3 f5 30. Bf1 g5 31. hxg5 hxg5 32. Rh3 Nf3 33. Rxf3+ Ke5 34. Re3+ Kf4 35. Bg2 g4 36. Rd3 Re6+ 37. Kd2 Re5 38. Bd5 Kg5 39. c4 f4 40. Kd1 f3 41. Bxf3 gxf3 42. Rxf3 Re7 43. Rf8 Rd7+ 44. Kc2 Re7 45. Kd3 Rd7+ 46. Ke3 Re7+ 47. Kd2 Rd7+ 48. Kc2 Re7 49. Rd8 Re2+ 50. Rd2 Re1 51. Rd5+ Kf4 52. Rxc5 Re2+ 53. Kd3 Rxa2 54. Kd4 Ra3 55. Rb5 Kf3 56. Rf5+ Kg4 57. Re5 Kf3 58. Rf5+ Kg4 59. Ke4 Ra2 60. f3+ Kg3 61. Rg5+ Kf2 62. Rd5 Ra3 63. Rd3 Ra1 64. f4 Re1+ 65. Kd4 Re8 66. Kc5 Ke2 67. Rh3 Rf8 68. Kb5 Rf5+ 69. Ka4 Kd2 70. Rg3 Kc2 71. Rg5 Rxf4 72. Rxa5 Rf3 73. Kxb4 Rxb3+ 74. Kc5 Kc3 75. Kd5 Rb8 76. c5 Rd8+ 77. Kc6 Kb4 78. Rb5+ Kc4 79. Ra5 Rc8+ 80. Kb6 Rb8+ 81. Kc7 1-0


[Site "https://www.chess.com"]

[Event "Titled Tuesday Blitz June 20 Early 2023"]
[White "Brunner, Nicolas"]
[Black "Rastbod, Ali"]
[WhiteFideId "620246"]
[BlackFideId "12567477"]
[WhiteElo "2319"]
[BlackElo "2281"]
[Result "1-0"]
[Round "4"]
[TimeControl "180+2"]
[Date "2023.06.20"]
[WhiteClock "0:00:19"]
[BlackClock "0:00:00"]
[Board "79"]

1. Nf3 Nf6 2. g3 b6 3. Bg2 Bb7 4. O-O g6 5. c4 Bg7 6. d4 O-O 7. d5 Ne4 8. Nd4 Nd6 9. Qd3 e5 10. Nc2 f5 11. f3 Na6 12. e4 Nc5 13. Qe2 fxe4 14. fxe4 Rxf1+ 15. Kxf1 Nxc4 16. Kg1 Nd6 17. Nc3 a5 18. Be3 Ba6 19. Qg4 Nc4 20. Bxc5 bxc5 21. b3 Nd6 22. Bh3 Bc8 23. Ne3 Qe7 24. Rf1 Bh6 25. Nf5 Nxf5 26. exf5 d6 27. Qf3 Qg5 28. Ne4 Qe3+ 29. Qxe3 Bxe3+ 30. Kg2 a4 31. f6 Bxh3+ 32. Kxh3 Kf7 33. Rf3 Bc1 34. Rf1 Bh6 35. g4 Bf4 36. g5 axb3 37. axb3 Ra2 38. Kg4 Rg2+ 39. Kf3 Rxh2 40. Ra1 h6 41. Ra7 Bxg5 42. Rxc7+ Kf8 43. Nxd6 Rh3+ 44. Kg2 Bxf6 45. Kxh3 1-0


[Site "https://www.chess.com"]

[Event "Titled Tuesday Blitz June 20 Early 2023"]
[White "Anuj Shrivatri"]
[Black "Rodchenkov, Sergey D."]
[WhiteFideId "35070924"]
[BlackFideId "4168712"]
[WhiteElo "2298"]
[BlackElo "2277"]
[Result "1-0"]
[Round "4"]
[TimeControl "180+2"]
[Date "2023.06.20"]
[WhiteClock "0:01:35"]
[BlackClock "0:00:47"]
[Board "80"]

1. Nf3 d5 2. b3 Nf6 3. Bb2 c6 4. g3 Bf5 5. Bg2 e6 6. O-O h6 7. d3 Nbd7 8. Qe1 Be7 9. Nbd2 O-O 10. e4 Bh7 11. Qe2 a5 12. a4 Qb6 13. e5 Ne8 14. Nd4 c5 15. Nb5 Nc7 16. c4 Nxb5 17. axb5 d4 18. f4 Rfe8 19. Be4 f5 20. exf6 Nxf6 21. Bxh7+ Kxh7 22. Ne4 Nxe4 23. Qxe4+ Kg8 24. Rae1 Bf6 25. Qg6 Qd8 26. Bc1 a4 27. bxa4 Rxa4 28. f5 e5 29. Bxh6 Qe7 30. Bxg7 Bxg7 31. f6 Qf7 32. Qg4 Ra2 33. Rf5 Re6 34. fxg7 Qxg7 35. Rg5 Rg6 36. Rxg6 1-0


[Site "https://www.chess.com"]

[Event "Titled Tuesday Blitz June 20 Early 2023"]
[White "Goffredo_Fofi"]
[Black "Martinez Ramirez, Lennis"]
[BlackFideId "3509079"]
[WhiteElo "2515"]
[BlackElo "2410"]
[Result "0-1"]
[Round "4"]
[TimeControl "180+2"]
[Date "2023.06.20"]
[WhiteClock "0:01:29"]
[BlackClock "0:01:58"]
[Board "81"]

1. d4 Nf6 2. Nf3 d5 3. Bf4 Bf5 4. c4 e6 5. Nc3 c6 6. Qb3 Qb6 7. c5 Qxb3 8. axb3 Na6 9. Ra4 Bc2 10. Nd2 Nh5 11. e3 Nxf4 12. Bxa6 Nxg2+ 13. Kf1 Nxe3+ 14. fxe3 bxa6 15. Rxa6 Bd3+ 0-1


[Site "https://www.chess.com"]

[Event "Titled Tuesday Blitz June 20 Early 2023"]
[White "Garcia, Erick"]
[Black "Itgelt, Khuyagtsogt"]
[WhiteFideId "2058880"]
[BlackFideId "4902912"]
[WhiteElo "2202"]
[BlackElo "2227"]
[Result "0-1"]
[Round "4"]
[TimeControl "180+2"]
[Date "2023.06.20"]
[WhiteClock "0:00:38"]
[BlackClock "0:00:04"]
[Board "82"]

1. d4 Nf6 2. c4 g6 3. g3 Bg7 4. Bg2 d5 5. cxd5 Nxd5 6. Nf3 Nb6 7. O-O Nc6 8. e3 O-O 9. Nc3 Re8 10. Qe2 a5 11. Rd1 a4 12. Ne5 Bd7 13. Nxc6 Bxc6 14. Bxc6 bxc6 15. Bd2 e5 16. dxe5 Bxe5 17. Rac1 Qe7 18. Be1 Qe6 19. h4 Bg7 20. Qf3 Rad8 21. Rxd8 Rxd8 22. Rd1 Rb8 23. Ne4 Qxa2 24. Bc3 Bxc3 25. bxc3 Nd5 26. c4 Qxc4 27. Nf6+ Nxf6 28. Qxf6 Qe6 29. Rd8+ Rxd8 30. Qxd8+ Kg7 31. Qd4+ Qf6 32. Qxa4 h5 33. Qa7 Qe5 34. Qb7 c5 35. Qc6 Qd6 36. Qe4 c6 37. Qc4 Qd1+ 38. Kh2 Qd5 39. Qc3+ Kg8 40. e4 Qd4 41. Qc2 c4 42. f3 c3 43. Qb3 Kg7 44. Kh3 Qc5 45. Qc2 Qe3 46. Qa4 c5 47. Qe8 Qxf3 48. Qe5+ Qf6 49. Qxc5 Qe6+ 50. Kg2 Qxe4+ 51. Kh2 Qc2+ 52. Kh3 Qf5+ 0-1


[Site "https://www.chess.com"]

[Event "Titled Tuesday Blitz June 20 Early 2023"]
[White "Kokoszczynski, Jan"]
[Black "Postny, Evgeny"]
[WhiteFideId "1174460"]
[BlackFideId "2804344"]
[WhiteElo "2139"]
[BlackElo "2504"]
[Result "0-1"]
[Round "4"]
[TimeControl "180+2"]
[Date "2023.06.20"]
[WhiteClock "0:00:47"]
[BlackClock "0:02:07"]
[Board "83"]

1. d4 Nf6 2. c4 e5 3. dxe5 Ne4 4. a3 Nc6 5. Nf3 a5 6. Nbd2 Nc5 7. b3 d6 8. exd6 Qxd6 9. Bb2 Bf5 10. g3 Qe6 11. e3 O-O-O 12. b4 Nd3+ 13. Bxd3 Bxd3 14. b5 Bc5 15. bxc6 Bxe3 16. cxb7+ Kb8 17. Qb3 Bxd2+ 18. Kxd2 Bxc4+ 0-1


[Site "https://www.chess.com"]

[Event "Titled Tuesday Blitz June 20 Early 2023"]
[White "Begmuratov, Alisher"]
[Black "Delorme, Axel"]
[WhiteFideId "14203367"]
[BlackFideId "632023"]
[WhiteElo "2387"]
[BlackElo "2478"]
[Result "0-1"]
[Round "4"]
[TimeControl "180+2"]
[Date "2023.06.20"]
[WhiteClock "0:00:35"]
[BlackClock "0:01:46"]
[Board "84"]

1. e4 c5 2. d4 cxd4 3. c3 dxc3 4. Nxc3 Nc6 5. Nf3 e6 6. Bc4 a6 7. O-O b5 8. Bb3 Bb7 9. Qe2 Na5 10. Rd1 Nxb3 11. axb3 Nf6 12. Bg5 Be7 13. Bxf6 Bxf6 14. e5 Bxf3 15. Qxf3 Bxe5 16. Rxd7 Kxd7 17. Rd1+ Ke7 18. Qb7+ Qc7 0-1


[Site "https://www.chess.com"]

[Event "Titled Tuesday Blitz June 20 Early 2023"]
[White "Zaitsev, Alexander"]
[Black "Kucuksari, Kaan"]
[WhiteFideId "4164490"]
[BlackFideId "6380166"]
[WhiteElo "2373"]
[BlackElo "2364"]
[Result "1-0"]
[Round "4"]
[TimeControl "180+2"]
[Date "2023.06.20"]
[WhiteClock "0:00:20"]
[BlackClock "0:00:02"]
[Board "85"]

1. e4 c5 2. Nf3 Nc6 3. Bb5 g6 4. Bxc6 bxc6 5. O-O Bg7 6. Re1 d6 7. c3 Nh6 8. d4 cxd4 9. cxd4 O-O 10. h3 d5 11. e5 f6 12. e6 Nf5 13. Nc3 Rb8 14. Na4 Nd6 15. Bf4 g5 16. Bxd6 Qxd6 17. Qc2 Bxe6 18. Nc5 Bf7 19. Rac1 h6 20. Qa4 Rxb2 21. Qxa7 e6 22. Rb1 Rxb1 23. Rxb1 e5 24. Rb7 e4 25. Rd7 Qb8 26. Rxf7 Qb1+ 27. Kh2 Rxf7 28. Qa8+ Kh7 29. Ng1 Qb6 30. Qe8 Qc7+ 31. g3 Re7 32. Qh5 f5 33. h4 Bf6 34. Nh3 Kg7 35. hxg5 hxg5 36. Nxg5 Bxg5 37. Qxg5+ Kf8 38. Qxf5+ Kg8 39. Qg6+ Rg7 40. Qe8+ Kh7 41. Ne6 Qf7 42. Ng5+ Kg6 43. Nxf7 Rxf7 44. Qe6+ Rf6 45. Qg4+ Kf7 46. Kg2 Re6 47. Qf4+ Rf6 48. Qc7+ Kg6 49. a4 e3 50. fxe3 1-0


[Site "https://www.chess.com"]

[Event "Titled Tuesday Blitz June 20 Early 2023"]
[White "Florescu, Codrut-Constantin"]
[Black "Vovk, Orest"]
[WhiteFideId "1202200"]
[BlackFideId "14113490"]
[WhiteElo "2191"]
[BlackElo "2215"]
[Result "1-0"]
[Round "4"]
[TimeControl "180+2"]
[Date "2023.06.20"]
[WhiteClock "0:01:28"]
[BlackClock "0:00:23"]
[Board "86"]

1. e4 g5 2. d4 g4 3. Nc3 Bg7 4. Be3 h5 5. Qd2 d6 6. f4 gxf3 7. Nxf3 c6 8. O-O-O Qa5 9. Kb1 b5 10. e5 b4 11. Ne4 Be6 12. b3 d5 13. Nc5 Nd7 14. Nxe6 fxe6 15. Ng5 Nf8 16. Bd3 Nh6 17. Rhf1 Kd7 18. h3 Qa3 19. Qe2 h4 20. Nf7 Nxf7 21. Rxf7 Bh6 22. Bxh6 Rxh6 23. Rdf1 Rh8 24. Ba6 Rb8 25. R1f3 Rb6 26. Bd3 a5 27. Rxf8 Rxf8 28. Rxf8 a4 29. Qh5 1-0


[Site "https://www.chess.com"]

[Event "Titled Tuesday Blitz June 20 Early 2023"]
[White "Arabidze, Meri"]
[Black "Moskvin, Anatoly"]
[WhiteFideId "13604040"]
[BlackFideId "24199990"]
[WhiteElo "2405"]
[BlackElo "2104"]
[Result "0-1"]
[Round "4"]
[TimeControl "180+2"]
[Date "2023.06.20"]
[WhiteClock "0:00:04"]
[BlackClock "0:00:07"]
[Board "87"]

1. d4 Nf6 2. c4 c5 3. d5 b5 4. cxb5 a6 5. b6 g6 6. Nc3 d6 7. Nf3 Bg7 8. Nd2 Nbd7 9. e4 O-O 10. Be2 Nxb6 11. O-O a5 12. Bb5 Bd7 13. a4 Ne8 14. Qc2 Nc7 15. Bd3 e6 16. dxe6 Nxe6 17. Nc4 Nd4 18. Qd1 Be6 19. Nxb6 Qxb6 20. Nb5 Rfe8 21. Ra3 d5 22. exd5 Bxd5 23. Bf4 Ne6 24. Bg3 Bxb2 25. Rb3 Bxb3 26. Qxb3 Bg7 27. Bc4 Re7 28. h4 h5 29. Bd6 Nd4 30. Qa2 Rd7 31. Bg3 Rf8 32. Rb1 Qf6 33. Nc3 Nf5 34. Nd5 Qd4 35. Kh2 Nxg3 36. fxg3 Be5 37. Qb3 Qxh4+ 38. Kg1 Bd4+ 39. Kf1 Qh1+ 40. Ke2 Qxg2+ 41. Kd1 Re8 42. Nf4 Bc3+ 43. Bd5 Qd2# 0-1


[Site "https://www.chess.com"]

[Event "Titled Tuesday Blitz June 20 Early 2023"]
[White "Rizzo, Tobias"]
[Black "Kvaloy, Aksel Bu"]
[WhiteFideId "30942691"]
[BlackFideId "1528815"]
[WhiteElo "2478"]
[BlackElo "2318"]
[Result "1/2-1/2"]
[Round "4"]
[TimeControl "180+2"]
[Date "2023.06.20"]
[WhiteClock "0:00:03"]
[BlackClock "0:00:07"]
[Board "88"]

1. d4 Nf6 2. Bg5 d5 3. Bxf6 gxf6 4. e3 c5 5. c3 Nc6 6. Nd2 e5 7. Ngf3 Qb6 8. Qb3 Be6 9. Bb5 Bd6 10. g3 O-O-O 11. a4 Kb8 12. Be2 Qc7 13. a5 Nxa5 14. Qa4 Nc6 15. O-O h5 16. b4 cxd4 17. exd4 e4 18. Nh4 b6 19. Nb3 f5 20. Nc5 bxc5 21. b5 Ne7 22. b6 Qd7 23. Bb5 Qb7 24. bxa7+ Ka8 25. Rfb1 Qc7 26. Ba6 Rd7 27. Bb7+ Qxb7 28. Rxb7 Rxb7 29. Qa6 Bc7 30. dxc5 Bd7 31. Ng2 Bc6 32. Ne3 f4 33. Nc2 fxg3 34. hxg3 h4 35. g4 Rg8 36. Nd4 Rxg4+ 37. Kh1 Rg6 38. Rg1 Be8 39. Rxg6 fxg6 40. Qe6 Bd8 41. c6 Rc7 42. Qe5 Bxc6 43. Ne6 Rd7 44. Nxd8 Rxd8 45. Qxe7 Rc8 46. Qd6 Bb7 47. Qxg6 Rxc3 48. Qf6 Rc8 49. Kh2 Kxa7 50. Qd4+ Ka8 51. Kh3 Rc4 52. Qh8+ Ka7 53. Kxh4 Rc2 54. Qa1+ Kb8 55. Kg3 Rd2 56. Kf4 Rd3 57. Ke5 Rf3 58. Kd6 Rf8 59. Qg7 Rd8+ 60. Kc5 Rc8+ 61. Kb6 Rc6+ 62. Kb5 Rc4 63. Qf8+ Ka7 64. Qa3+ Kb8 65. Qd6+ Ka7 66. Qa3+ Kb8 67. Qg3+ Ka7 68. Qa3+ 1/2-1/2


[Site "https://www.chess.com"]

[Event "Titled Tuesday Blitz June 20 Early 2023"]
[White "Titichoca Daza, Daniel"]
[Black "Vaibhav Jayant Raut"]
[WhiteFideId "3309550"]
[BlackFideId "5089034"]
[WhiteElo "2101"]
[BlackElo "2156"]
[Result "0-1"]
[Round "4"]
[TimeControl "180+2"]
[Date "2023.06.20"]
[WhiteClock "0:00:00"]
[BlackClock "0:00:06"]
[Board "89"]

1. Nf3 Nf6 2. b3 g6 3. Bb2 Bg7 4. g3 O-O 5. Bg2 c5 6. O-O Nc6 7. c4 a6 8. d4 cxd4 9. Nxd4 d5 10. Nxc6 bxc6 11. Nd2 a5 12. a3 Bg4 13. Re1 Qb6 14. Qc2 Bf5 15. e4 dxe4 16. Nxe4 Rab8 17. Bxf6 exf6 18. Rab1 Rfe8 19. h3 h5 20. Re3 c5 21. Rbe1 Re5 22. Qc3 Bxe4 23. Bxe4 f5 24. Bg2 Rxe3 25. Qxe3 Bd4 26. Qg5 Qxb3 27. Bd5 Kg7 28. Bxf7 Kxf7 29. Re7+ Kf8 30. Rd7 Bxf2+ 31. Kg2 Qxg3+ 32. Qxg3 Bxg3 33. Kxg3 g5 34. Rd5 Rb3+ 35. Kg2 Kg7 36. Rxf5 Kg6 37. Rxc5 Rxa3 38. Kf2 a4 39. Rc6+ Kf5 40. Kg2 Ra2+ 41. Kf3 Ra3+ 42. Kg2 Rc3 43. c5 a3 44. Ra6 Rc2+ 45. Kf3 Rc3+ 46. Kg2 Ke5 47. c6 Kd6 48. Kh2 Kc7 49. Kg2 Rc2+ 50. Kg3 a2 51. h4 Rc3+ 52. Kg2 g4 0-1


[Site "https://www.chess.com"]

[Event "Titled Tuesday Blitz June 20 Early 2023"]
[White "Munkhgal, Gombosuren"]
[Black "Sai Han Thiha"]
[WhiteFideId "4901266"]
[BlackFideId "13012290"]
[WhiteElo "2528"]
[BlackElo "1953"]
[Result "1-0"]
[Round "4"]
[TimeControl "180+2"]
[Date "2023.06.20"]
[WhiteClock "0:02:00"]
[BlackClock "0:00:01"]
[Board "90"]

1. d4 Nf6 2. Bf4 e6 3. e3 c5 4. Nd2 cxd4 5. exd4 b6 6. Qf3 Nc6 7. c3 Bb7 8. Qd1 d6 9. Ngf3 Be7 10. Bg3 O-O 11. Bd3 Qc8 12. Qe2 a5 13. Ne4 Nxe4 14. Qxe4 g6 15. Qe2 Ba6 16. h4 Bxd3 17. Qxd3 e5 18. d5 Nd8 19. h5 Qf5 20. Qd2 g5 21. h6 Qg6 22. O-O-O f5 23. Bxe5 dxe5 24. Nxe5 Qd6 25. Rde1 Bf6 26. Nc4 Qc5 27. Ne5 Ra7 28. f4 g4 29. Qd3 Qc8 30. d6 Nc6 31. Qd5+ Kh8 32. Nxc6 Rd7 33. Ne5 Ra7 34. d7 Qc7 35. Nf7+ Rxf7 36. Re8+ 1-0


[Site "https://www.chess.com"]

[Event "Titled Tuesday Blitz June 20 Early 2023"]
[White "KorolDimitriy75"]
[Black "Timerkhanov, Alexander"]
[BlackFideId "24177938"]
[WhiteElo "2433"]
[BlackElo "2278"]
[Result "0-1"]
[Round "4"]
[TimeControl "180+2"]
[Date "2023.06.20"]
[WhiteClock "0:00:00"]
[BlackClock "0:01:28"]
[Board "91"]

1. d4 d5 2. c4 c6 3. Nc3 Nf6 4. e3 a6 5. Nf3 Bf5 6. Bd3 Bxd3 7. Qxd3 e6 8. O-O Nbd7 9. e4 dxc4 10. Qxc4 Be7 11. Bg5 O-O 12. Rfd1 Rc8 13. Rac1 b5 14. Qe2 Re8 15. e5 Nd5 16. Bxe7 Qxe7 17. Ne4 Red8 18. a4 h6 19. h3 Qb4 20. Nd6 Rc7 21. axb5 cxb5 22. Rxc7 Nxc7 23. Rc1 Nd5 24. g3 N7b6 25. Kg2 Na4 26. Rc2 Qb3 27. Qd2 Nab6 28. Qe2 b4 29. Rc6 Na4 30. Rxa6 Nxb2 31. Ra7 Rf8 32. Qe4 Nd3 0-1


[Site "https://www.chess.com"]